 Dungeon Crawl Stone Soup version 0.31.0-11-ge490571c62 (webtiles) character file.

Game seed: 13445794940781976627

53 Bobbunny the Conjurer (level 3, -2/24 HPs)
             Began as a Vampire Conjurer on Jan 27, 2024.
             Slain by a ribbon worm (7 damage)
             ... on level 2 of the Dungeon.
             The game lasted 00:02:01 (1995 turns).

Bobbunny the Conjurer (Vampire Conjurer)            Turns: 1995, Time: 00:02:02

Health: -2/24      AC:  2    Str:  6    XL:     3   Next: 64%
Magic:  5/7        EV:  6    Int: 22    God:
Gold:   130        SH:  0    Dex: 12    Spells: 7/8 levels left

rFire   . . .        l - +0 whip
rCold   . . .        (no shield)
rNeg    . . .        a - +0 robe
rPois   .            (no helmet)
rElec   .            (no cloak)
rCorr   .            (no gloves)
SInv    +            (no boots)
Will    .....        (no amulet)
Stlth   ++           (no ring)
HPRegen 0.44/turn    (no ring)
MPRegen 0.10/turn

%: no passive effects
@: held, healing quickly
A: alive, fangs 3, see invisible, vampiric 2
a: Exsanguinate


You were on level 2 of the Dungeon.
You visited 1 branch of the dungeon, and saw 2 of its levels.

You collected 130 gold pieces.

Inventory:

Hand Weapons
 l - a +0 whip (weapon)
Missiles
 f - 5 poisoned darts
Armour
 a - a +0 robe (worn)
Scrolls
 c - 3 scrolls of identify {unknown}
 k - a scroll of blinking {unknown}
 n - a scroll of butterflies {unknown}
Potions
 b - 2 potions of magic
 d - a potion of curing {unknown}
 e - a potion of enlightenment {unknown}
 g - a potion of lignification {unknown}
 h - a potion of brilliance {unknown}
 i - a potion of resistance {unknown}
 j - a potion of attraction {unknown}
 m - a potion of degeneration {unknown}


   Skills:
 - Level 2.1 Dodging
 - Level 3.0 Stealth
 + Level 3.0 Spellcasting
 + Level 3.5 Conjurations


You had 7 spell levels left.
You knew the following spells:

 Your Spells              Type           Power      Damage    Failure   Level
a - Magic Dart            Conj           72%        1d6       3%          1

Your spell library contained the following spells:

 Spells                   Type           Power      Damage    Failure   Level
 Searing Ray              Conj           36%        2d5       4%          2
 Fulminant Prism          Conj/Alch      5%         3d7       52%         4
 Iskenderun's Mystic Bla  Conj/Tloc      11%        2d4       52%         4


Dungeon Overview and Level Annotations

Branches:
Dungeon (2/15)

Altars:


Innate Abilities, Weirdness & Mutations

Your natural rate of healing is accelerated.
You have razor-sharp teeth.
You have supernaturally acute eyesight. (SInv)
You are afflicted with vampirism and can become a bat while bloodless.


Message History

You begin bloodletting.
You continue bloodletting.
The ribbon worm barely misses you.
You continue bloodletting.
The ribbon worm bites you.
You stop emptying yourself of blood.
* * * LOW HITPOINT WARNING * * *
You hit the ribbon worm but do no damage.
The ribbon worm expels a string of sticky webbing.
The stream of webbing misses you.
Casting: Magic Dart (safe; 3% risk of failure)
Confirm with . or Enter, or press ? or * to list all spells.
Okay, then.
You are too injured to fight recklessly!
Throw: 8 darts (poison)
Press: ? - help, Shift-Dir - straight line, f/p - ribbon worm
Aim: a ribbon worm (catching its breath, 74% to hit)
You throw a poisoned dart. The poisoned dart hits the ribbon worm.
The ribbon worm misses you.
Unknown command.
Throw: 7 darts (poison)
Press: ? - help, Shift-Dir - straight line, f/p - ribbon worm
Aim: a ribbon worm (74% to hit)
You throw a poisoned dart. The poisoned dart hits the ribbon worm.
Throw: 6 darts (poison)
Press: ? - help, Shift-Dir - straight line, f/p - ribbon worm
Aim: a ribbon worm (74% to hit)
You throw a poisoned dart.
The poisoned dart barely misses the ribbon worm.
The ribbon worm expels a string of sticky webbing.
The stream of webbing hits you but does no damage.
You are caught in a web!
You cannot throw/fire anything while caught in a web.
The ribbon worm bites you.
* * * LOW HITPOINT WARNING * * *
You cannot throw/fire anything while caught in a web.
The ribbon worm expels a string of sticky webbing.
The stream of webbing hits you but does no damage.
You are even more entangled.
You cannot throw/fire anything while caught in a web.
The ribbon worm bites you!
You die...

##.##.#
#........
#....###
#.....<..
###.....
#........
##....
###........
#....
#..........
#....
#..........
####....
#..w.......
#.......
#.#####..@..#
#.##....
............#
#.##....
######.....#
#.##....
#.....#
#.######
#.....# #.#
#.....# #.#
###'###
###.#### #.#
#......# #.#
#......#


You could see a ribbon worm (catching breath).

Vanquished Creatures
  An adder (D:2)
  2 dart slugs (D:2)
  2 ball pythons (D:1)
  3 bats
  3 endoplasms (D:2)
  2 giant cockroaches
  2 goblins (D:2)
  9 jackals
  3 quokkas
  3 kobolds (D:2)
  4 rats
34 creatures vanquished.

Notes
Turn   | Place    | Note
-------+----------+-------------------------------------------
     0 | D:1      | Bobbunny the Vampire Conjurer began the quest for the Orb.
     0 | D:1      | Reached XP level 1. HP: 13/13 MP: 3/3
   321 | D:1      | Reached XP level 2. HP: 19/19 MP: 1/5
   897 | D:2      | Found a faded altar of an unknown god.
  1128 | D:2      | Gained mutation: You are afflicted with vampirism and can
                  | become a bat while bloodless. [Vampire growth]
  1128 | D:2      | Reached XP level 3. HP: 7/24 MP: 0/7
  1995 | D:2      | Slain by a ribbon worm

Illustrated notes

Levels and vault maps discovered:
D:1:      minmay_arrival_radiant_lines, layout_loops_cross
D:2:      layout_basic, dreamdust_ecumenical_altar_angels_and_demons,
          minmay_misc_feat_encased

Skill      XL: |  1  2  3 |
---------------+----------+-----
Conjurations   | 3 |  3.5
Spellcasting   | 3 |  3.0
Dodging        | |  2.1
Stealth        | |  3.0

Action                     || total
---------------------------++-------
  Melee: Unarmed           ||    12
         Bite              ||     6
         Whip              ||    28
  Throw: Dart              ||     3
   Cast: Magic Dart        ||    83
Ability: Exsanguinate      ||     1
 Armour: Robe              ||    39
  Dodge: Dodged            ||    49
